 Dungeon Crawl Stone Soup version 0.31-a0-672-g7da72447bb (webtiles) character file.

Game seed: 4030648428065123224

1516 randomguy2701 the Cleaver (level 8, -4/71 HPs)
             Began as a Hill Orc Fighter on Sept 4, 2023.
             Was an Initiate of Beogh.
             Slain by an ice beast (19 damage)
             ... on level 6 of the Dungeon.
             The game lasted 00:06:04 (5080 turns).

randomguy2701 the Cleaver (Hill Orc Fighter)        Turns: 5080, Time: 00:06:05

Health: -4/71      AC: 24    Str: 19    XL:     8   Next: 83%
Magic:  8/8        EV:  6    Int:  8    God:    Beogh [......]
Gold:   247        SH:  5    Dex: 12    Spells: 7/7 levels left

rFire   x x .        a - +0 war axe
rCold   x x .        c - +0 buckler
rNeg    . . .        u - +0 plate armour
rPois   +            m - +0 helmet
rElec   .            (no cloak)
rCorr   .            (no gloves)
SInv    .            b - +1 pair of boots
Will    .....        p - amulet of Elemental Vulnerability {rPois rF-- rC-- AC+8} Stlth
                     (no ring)
HPRegen 0.31/turn    (no ring)
MPRegen 0.11/turn

%: no passive effects
@: mighty
A: no striking features
a: Renounce Religion


You were on level 6 of the Dungeon.
You worshipped Beogh.
Beogh was noncommittal.
You visited 1 branch of the dungeon, and saw 6 of its levels.
You also visited: Sewer.

You collected 247 gold pieces.

Inventory:

Hand Weapons
 a - a +0 war axe (weapon)
Missiles
 v - a throwing net
Armour
 b - a +1 pair of boots (worn)
 c - a +0 buckler (worn)
 m - a +0 helmet (worn)
 u - a +0 plate armour (worn)
Jewellery
 p - the amulet of Elemental Vulnerability (around neck) {rPois rF-- rC-- AC+8}
   (You found it on level 2 of the Dungeon)

   [amulet of nothing]

   AC+8:      It affects your AC (+8).
   rF--:      It makes you very vulnerable to fire.
   rC--:      It makes you very vulnerable to cold.
   rPois:     It protects you from poison
Wands
 A - a wand of flame (6)
Scrolls
 e - 5 scrolls of identify {unknown}
 g - 2 scrolls of immolation {unknown}
 i - 2 scrolls of enchant weapon {unknown}
 k - 4 scrolls of enchant armour {unknown}
 n - 3 scrolls of teleportation {unknown}
 o - a scroll of amnesia {unknown}
 q - a scroll of noise {unknown}
 w - a scroll of brand weapon {unknown}
 y - a scroll of vulnerability {unknown}
 z - a scroll of blinking {unknown}
Potions
 f - 2 potions of mutation {unknown}
 h - 4 potions of lignification {unknown}
 j - 2 potions of resistance {unknown}
 l - 2 potions of curing {unknown}
 r - a potion of brilliance {unknown}
 s - 2 potions of degeneration {unknown}
 t - a potion of heal wounds {unknown}
 x - a potion of berserk rage {unknown}


   Skills:
 + Level 6.6 Fighting
 + Level 10.0 Axes
 + Level 5.9 Armour
 + Level 1.3 Dodging
 + Level 5.2 Shields


You had 7 spell levels left.
You didn't know any spells.
Your spell library contained the following spells:

 Spells                   Type           Power      Damage    Failure   Level
 Kiss of Death            Conj/Necr      0%         2d5       100%        1
 Blink                    Tloc           0%         N/A       100%        2
 Cigotuvi's Dreadful Rot  Necr/Pois/Air  0%         N/A       100%        2
 Lesser Beckoning         Tloc           0%         N/A       100%        2
 Momentum Strike          Conj/Tloc      0%         3d8       100%        2
 Dazzling Flash           Conj/Hex       0%         N/A       100%        3
 Dispel Undead            Necr           0%         3d6       100%        4
 Agony                    Necr           0%         N/A       100%        5
 Silence                  Hex/Air        0%         N/A       100%        5
 Death Channel            Necr           0%         N/A       100%        6


Dungeon Overview and Level Annotations

Branches:
Dungeon (6/15)              Sewer (visited)
 Temple: D:4-7

Altars:
Hepliaklqana
Qazlal
Vehumet
Xom

Shops:
D:4 *


Message History

You feel sick.
You are no longer poisoned.
The kobold brigand hits you but does no damage.
The phantom hits you but does no damage.
The hound barely misses you. The shadow hits you.
You barely miss the shadow.
The shadow is heavily damaged.
You slash the ice beast! You slash the phantom! You hit the kobold brigand.
You miss the hound. The hound bites you but does no damage.
The kobold brigand barely misses you.
The ice beast hits you but does no damage.
The phantom barely misses you. You block the shadow's attack.
The hound closely misses you.
You hit the shadow but do no damage.
The shadow is heavily damaged.
You closely miss the kobold brigand. You slash the hound!
You closely miss the ice beast. You slash the phantom!
You destroy the phantom!
Beogh accepts your kill. The hound closely misses you.
The kobold brigand hits you but does no damage.
You block the ice beast's attack. The shadow hits you.
The hound bites you but does no damage.
You closely miss the shadow.
The shadow is heavily damaged.
You slash the kobold brigand! You slash the hound!
You kill the hound!
Beogh accepts your kill.
You barely miss the ice beast. The kobold brigand barely misses you.
You block the ice beast's attack. The shadow hits you.
The hound barely misses you.
Your Axes skill increases to level 10!
You closely miss the shadow.
The shadow is moderately damaged.
You slash the kobold brigand! You closely miss the hound.
You hit the ice beast. You block the kobold brigand's attack.
The ice beast hits you.
* * * LOW HITPOINT WARNING * * *
The ice beast freezes you!!
You feel a terrible chill!
You die...

.......................#
####...............#####
...#...............'..#
...#............>..#..#
...#...........#'###..#
...#...........#..#####.
...#...........#..# ...
####...........####....#
... ....###+#.K@Y.....+
.... ).. #.hW......#
.... ............. ....
#...#...#...#. ....
#...#$#...#$#.. ####
#...#...#...#... ....
... ....... o.# ..#.
.#...#.


You could see an ice beast, a kobold brigand, a shadow and a hound.

Vanquished Creatures
  A water moccasin (D:5)
  A black bear (D:6)
  An ice beast (D:6)
  An ogre (D:4)
  2 phantoms
  5 kobold brigands (Sewer)
  Blork the orc (D:4)
  A scorpion (D:5)
  2 bullfrog zombies (D:5)
  3 hounds (D:6)
  A jelly (D:4)
  An orc wizard (D:5)
  A scorpion zombie (D:5)
  2 iguanas (D:6)
  7 gnolls
  7 adders
  2 ufetubi (D:4)
  An adder zombie (D:5)
  6 worms
  2 dart slugs (D:1)
  7 orcs
  8 bats
  13 endoplasms
  3 giant cockroaches
  13 goblins
  5 hobgoblins
  5 jackals
  12 kobolds
  2 quokkas
  11 ball pythons
  6 frilled lizards
  13 rats
146 creatures vanquished.

Vanquished Creatures (others)
  An orc priest (D:5)
  A gnoll (D:5)
  An orc (D:5)
3 creatures vanquished.

Grand Total: 149 creatures vanquished

Notes
Turn   | Place    | Note
-------+----------+-------------------------------------------
     0 | D:1      | randomguy2701 the Hill Orc Fighter began the quest for the
                  | Orb.
     0 | D:1      | Reached XP level 1. HP: 19/19 MP: 1/1
   245 | D:1      | Reached XP level 2. HP: 27/27 MP: 2/2
   474 | D:1      | Reached XP level 3. HP: 30/33 MP: 3/3
   475 | D:1      | Reached skill level 3 in Axes
  1186 | D:2      | Found the amulet of Elemental Vulnerability {rPois rF--
                  | rC-- AC+8}
  1298 | D:2      | Reached XP level 4. HP: 34/40 MP: 4/4
  1495 | D:2      | Found a faded altar of an unknown god.
  1500 | D:2      | Got Plato's Encyclopedia of Gloom
  1735 | D:3      | Reached skill level 4 in Axes
  1844 | D:3      | Reached XP level 5. HP: 46/46 MP: 5/5
  2271 | D:4      | Found Fallacs's General Store.
  2380 | D:4      | Noticed Blork the orc
  2400 | D:4      | Killed Blork the orc
  2401 | D:4      | Reached skill level 5 in Axes
  2401 | D:4      | Reached skill level 1 in Dodging
  2401 | D:4      | Reached XP level 6. HP: 34/53 MP: 6/6
  2525 | D:4      | Found a shimmering altar of Xom.
  2863 | D:4      | Found a glowing drain.
  2873 | Sewer    | Entered a sewer
  3011 | Sewer    | Reached skill level 6 in Axes
  3085 | Sewer    | Reached XP level 7. HP: 47/60 MP: 7/7
  3425 | Sewer    | Reached skill level 5 in Fighting
  3425 | Sewer    | Reached skill level 7 in Axes
  3425 | Sewer    | Reached skill level 5 in Armour
  3670 | D:4      | Reached skill level 8 in Axes
  3783 | D:4      | Found a stormy altar of Qazlal.
  3784 | D:4      | Found a hazy altar of Hepliaklqana.
  3907 | D:5      | Entered Level 5 of the Dungeon
  3933 | D:5      | Reached XP level 8. HP: 64/68 MP: 8/8
  4368 | D:5      | Became a worshipper of Beogh the Brigand
  4482 | D:5      | Reached skill level 5 in Shields
  4504 | D:5      | Reached skill level 9 in Axes
  4758 | D:6      | Found a radiant altar of Vehumet.
  5063 | D:6      | Noticed a shadow
  5080 | D:6      | Reached skill level 10 in Axes
  5080 | D:6      | Slain by an ice beast

Illustrated notes

Levels and vault maps discovered:
D:1:      psy_arrival_conway, layout_basic, st_stairs_5, nicolae_hexahallways,
          minmay_tetromino_t4
D:2:      layout_basic, shapermc_ecumenical_altar_rom_forum,
          kennysheep_generic_room_15
D:3:      layout_rooms
D:4:      layout_loops_cross, old_standard_altar,
          nicolae_overflow_hidden_temple, serial_shops, shop,
          cheibrodos_sewer_entry_bend, minivault_1, minmay_ogre_servants,
          uniq_blork_the_orc
D:5:      layout_loops_corners, serial_undead, serial_undead_a, serial_undead_e,
          serial_undead_c, serial_undead_a
D:6:      cheibrodos_fzero, layout_gridville, vehumet_altar_wand_db,
          minmay_temple_entry_hall, amethyst_killhole

Skill      XL: |  1  2  3  4  5  6  7  8 |
---------------+-------------------------+-----
Fighting       | 4 5 6 |  6.6
Axes           | 3 4 5 6 8 10 | 10.0
Armour         | 4 5 |  5.9
Shields        | 4 5 |  5.2
Dodging        | 1 |  1.3

Action                     |  1- 3 |  4- 6 |  7- 9 || total
---------------------------+-------+-------+-------++-------
  Melee: War axe           |   105 |   191 |   249 ||   545
 Invoke: Convert to Beogh  |       |       |     1 ||     1
    Use: Potion            |       |       |     1 ||     1
 Armour: Scale mail        |    76 |    63 |       ||   139
         Plate armour      |       |    90 |   244 ||   334
  Dodge: Dodged            |    52 |    73 |    76 ||   201
  Block: Buckler           |    20 |    62 |    69 ||   151

Table legend: (Time is in decaauts)
 A = Elapsed time spent in this place.
 B = Non-inter-level travel time spent in this place.
 C = Inter-level travel time spent in this place.
 D = Time resting spent in this place.
 E = Time spent auto-exploring this place.
 F = Levels seen in this place.
 G = Mean time per level.
                   A        B        C        D        E       F      G
               +--------+--------+--------+--------+--------+-----+--------+
         Total |   5358 |   5059 |    299 |      0 |   3926 |   7 |  765.4 |
       Dungeon |   4468 |   4169 |    299 |      0 |   3335 |   6 |  744.7 |
         Sewer |    889 |    889 |      0 |      0 |    591 |   1 |  889.0 |
               +--------+--------+--------+--------+--------+-----+--------+

Top non-repeatable levels by time:
     D:1: 1084 daAuts
     D:4: 951 daAuts
   Sewer: 889 daAuts
     D:5: 842 daAuts
     D:2: 646 daAuts
     D:3: 602 daAuts
     D:6: 340 daAuts
